[ PARTIDA AOE2 · #513838222 ]
UnrankedGodos vs Cumans
Equipo del jugador · DERR
Equipo rival · VICT
[ ANÁLISIS DE REPETICIÓN · EXTRAÍDO DE LA PARTIDA GRABADA ]
Feudal
11:23
Castillos
16:36
Imperial
—
| APM promedio | 32.6 |
| APM pico | 93 |
| eAPM promedio | 19.3 |
| Aldeanos / militares | 71 / 16 |
Foco
⚔️ 19.1% · 🌾 80.9%
Huskarl ×11 · Militia ×4 · Spearman ×1
Feudal
9:16
Castillos
23:15
Imperial
—
| APM promedio | 40.4 |
| APM pico | 62 |
| eAPM promedio | 19.1 |
| Aldeanos / militares | 63 / 28 |
Foco
⚔️ 21.3% · 🌾 78.7%
Steppe Lancer ×21 · Battering Ram ×7
Mapa de la partida
Recursos iniciales + cada clic de construcción. Líneas = muros · curvas = relieve. ◆ oro · ⬟ piedra · ● bayas · ✦ reliquia · ◌ hueco del cierre
Tu base· Abierta — flanco sin cerrar
Base de 茉莉花茶· Abierta — flanco sin cerrar
Terreno inicial suavizado · ◌ = hueco del cierre detectado · pasá el cursor para detalles
Inputs por minuto
— Gerodrick - - 茉莉花茶
Build order — Gerodrick
120 acciones detectadas en el replay
| 0:01 | Encolar | Villager (Male) |
| 0:01 | Encolar | Villager (Male) |
| 0:01 | Encolar | Villager (Male) |
| 0:01 | Encolar | Villager (Male) |
| 0:01 | Encolar | Villager (Male) |
| 0:03 | Construir | House |
| 0:04 | Construir | House |
| 0:50 | Investigar | Loom |
| 0:50 | Encolar | Villager (Male) |
| 0:50 | Encolar | Villager (Male) |
| 0:50 | Encolar | Villager (Male) |
| 0:50 | Encolar | Villager (Male) |
| 0:50 | Encolar | Villager (Male) |
| 0:50 | Encolar | Villager (Male) |
| 0:50 | Encolar | Villager (Male) |
| 1:26 | Construir | Lumber Camp |
| 2:02 | Encolar | Villager (Male) |
| 2:02 | Encolar | Villager (Male) |
| 2:02 | Encolar | Villager (Male) |
| 2:02 | Encolar | Villager (Male) |
| 2:02 | Encolar | Villager (Male) |
| 3:03 | Encolar | Villager (Male) |
| 3:03 | Encolar | Villager (Male) |
| 3:03 | Encolar | Villager (Male) |
| 3:43 | Encolar | Villager (Male) |
| 3:43 | Encolar | Villager (Male) |
| 3:43 | Encolar | Villager (Male) |
| 3:44 | Encolar | Villager (Male) |
| 3:44 | Encolar | Villager (Male) |
| 3:44 | Encolar | Villager (Male) |
| 3:44 | Encolar | Villager (Male) |
| 4:20 | Construir | House |
| 5:01 | Encolar | Villager (Male) |
| 5:01 | Encolar | Villager (Male) |
| 5:36 | Encolar | Villager (Male) |
| 5:40 | Construir | Mill |
| 5:44 | Encolar | Villager (Male) |
| 5:48 | Construir | Mill |
| 5:49 | Encolar | Villager (Male) |
| 5:50 | Encolar | Villager (Male) |
| 6:49 | Construir | House |
| 7:07 | Encolar | Villager (Male) |
| 7:37 | Construir | Barracks |
| 7:41 | Encolar | Villager (Male) |
| 7:44 | Encolar | Villager (Male) |
| 8:14 | Encolar | Villager (Male) |
| 8:35 | Construir | Mining Camp |
| 8:38 | Encolar | Militia |
| 8:38 | Encolar | Militia |
| 8:38 | Encolar | Militia |
| 8:38 | Encolar | Militia |
| 8:41 | Encolar | Villager (Male) |
| 9:03 | Construir | House |
| 9:05 | Construir | House |
| 9:13 | Investigar | Feudal Age |
| 10:30 | Construir | Lumber Camp |
| 11:03 | Encolar | Villager (Male) |
| 11:03 | Encolar | Villager (Male) |
| 11:05 | Encolar | Villager (Male) |
| 11:23 | Edad | Edad Feudal |
| 11:56 | Construir | Market |
| 12:31 | Encolar | Spearman |
| 12:34 | Encolar | Villager (Male) |
| 12:44 | Construir | Blacksmith |
| 13:26 | Construir | Mining Camp |
| 13:56 | Investigar | Castle Age |
| 14:22 | Encolar | Villager (Male) |
| 14:22 | Encolar | Villager (Male) |
| 15:21 | Investigar | Scale Mail Armor |
| 16:36 | Edad | Edad de los Castillos |
| 16:55 | Construir | Castle |
| 16:59 | Construir | Castle |
| 17:08 | Investigar | Fletching |
| 17:22 | Encolar | Villager (Male) |
| 17:22 | Encolar | Villager (Male) |
| 17:56 | Construir | Mining Camp |
| 18:38 | Encolar | Huskarl |
| 18:39 | Encolar | Huskarl |
| 18:39 | Encolar | Huskarl |
| 18:39 | Encolar | Huskarl |
| 19:59 | Encolar | Huskarl |
| 19:59 | Encolar | Huskarl |
| 20:34 | Encolar | Villager (Male) |
| 20:47 | Investigar | Bodkin Arrow |
| 21:05 | Encolar | Villager (Male) |
| 21:05 | Encolar | Villager (Male) |
| 21:05 | Encolar | Villager (Male) |
| 21:05 | Encolar | Villager (Male) |
| 21:05 | Encolar | Villager (Male) |
| 21:05 | Encolar | Villager (Male) |
| 21:05 | Encolar | Villager (Male) |
| 22:22 | Encolar | Villager (Male) |
| 22:22 | Encolar | Villager (Male) |
| 22:22 | Encolar | Villager (Male) |
| 22:22 | Encolar | Villager (Male) |
| 22:22 | Encolar | Villager (Male) |
| 23:15 | Construir | Castle |
| 24:21 | Encolar | Villager (Male) |
| 24:21 | Encolar | Villager (Male) |
| 24:21 | Encolar | Villager (Male) |
| 24:21 | Encolar | Villager (Male) |
| 24:49 | Construir | Farm |
| 25:24 | Construir | Farm |
| 25:31 | Encolar | Huskarl |
| 25:31 | Encolar | Huskarl |
| 25:31 | Encolar | Huskarl |
| 25:40 | Encolar | Villager (Male) |
| 25:40 | Encolar | Villager (Male) |
| 25:40 | Encolar | Villager (Male) |
| 25:40 | Encolar | Villager (Male) |
| 25:40 | Encolar | Villager (Male) |
| 25:40 | Encolar | Villager (Male) |
| 25:40 | Encolar | Villager (Male) |
| 26:31 | Construir | Castle |
| 26:44 | Construir | Town Center |
| 26:55 | Encolar | Villager (Male) |
| 26:58 | Construir | Farm |
| 27:59 | Construir | Siege Workshop |
| 28:04 | Encolar | Huskarl |
| 28:04 | Encolar | Huskarl |
Build order — 茉莉花茶
Primeras 150 de 184 acciones detectadas
| 0:00 | Encolar | Villager (Male) |
| 0:00 | Encolar | Villager (Male) |
| 0:00 | Encolar | Villager (Male) |
| 0:02 | Construir | House |
| 0:06 | Construir | House |
| 0:17 | Encolar | Villager (Male) |
| 1:25 | Encolar | Villager (Male) |
| 1:25 | Encolar | Villager (Male) |
| 1:52 | Construir | Lumber Camp |
| 2:02 | Encolar | Villager (Male) |
| 2:34 | Encolar | Villager (Male) |
| 2:46 | Encolar | Villager (Male) |
| 3:18 | Encolar | Villager (Male) |
| 3:35 | Encolar | Villager (Male) |
| 4:04 | Construir | House |
| 4:12 | Encolar | Villager (Male) |
| 4:35 | Construir | Mill |
| 5:01 | Encolar | Villager (Male) |
| 5:02 | Encolar | Villager (Male) |
| 5:32 | Encolar | Villager (Male) |
| 5:46 | Encolar | Villager (Male) |
| 6:20 | Investigar | Loom |
| 7:01 | Investigar | Feudal Age |
| 7:34 | Construir | House |
| 8:13 | Construir | House |
| 8:18 | Construir | Palisade Wall |
| 8:19 | Construir | Palisade Wall |
| 8:20 | Construir | Palisade Wall |
| 8:24 | Construir | Palisade Wall |
| 8:27 | Construir | House |
| 9:16 | Edad | Edad Feudal |
| 9:23 | Construir | Town Center |
| 9:37 | Encolar | Villager (Male) |
| 9:37 | Encolar | Villager (Male) |
| 10:04 | Construir | House |
| 10:07 | Construir | House |
| 10:18 | Construir | House |
| 10:30 | Investigar | Double-Bit Axe |
| 10:30 | Investigar | Double-Bit Axe |
| 10:34 | Encolar | Villager (Male) |
| 10:35 | Encolar | Villager (Male) |
| 10:58 | Encolar | Villager (Male) |
| 11:22 | Investigar | Horse Collar |
| 11:32 | Encolar | Villager (Male) |
| 11:45 | Encolar | Villager (Male) |
| 12:09 | Encolar | Villager (Male) |
| 12:10 | Encolar | Villager (Male) |
| 12:23 | Encolar | Villager (Male) |
| 12:24 | Encolar | Villager (Male) |
| 12:39 | Encolar | Villager (Male) |
| 12:42 | Construir | Farm |
| 12:45 | Construir | Farm |
| 13:05 | Construir | Watch Tower |
| 13:25 | Construir | Watch Tower |
| 13:39 | Encolar | Villager (Male) |
| 13:40 | Encolar | Villager (Male) |
| 13:53 | Construir | Lumber Camp |
| 13:57 | Construir | Farm |
| 13:58 | Construir | Farm |
| 13:59 | Encolar | Villager (Male) |
| 14:08 | Construir | Farm |
| 14:10 | Construir | Farm |
| 14:13 | Construir | Farm |
| 14:24 | Construir | Farm |
| 14:25 | Encolar | Villager (Male) |
| 14:25 | Encolar | Villager (Male) |
| 14:26 | Encolar | Villager (Male) |
| 14:26 | Encolar | Villager (Male) |
| 14:35 | Encolar | Villager (Male) |
| 14:43 | Construir | Mining Camp |
| 14:51 | Construir | Farm |
| 15:02 | Construir | House |
| 15:03 | Construir | House |
| 15:05 | Encolar | Villager (Male) |
| 15:14 | Construir | Farm |
| 15:16 | Encolar | Villager (Male) |
| 15:22 | Construir | Farm |
| 15:30 | Construir | Farm |
| 15:32 | Encolar | Villager (Male) |
| 15:35 | Construir | Farm |
| 15:47 | Encolar | Villager (Male) |
| 15:50 | Construir | Farm |
| 16:01 | Construir | Farm |
| 16:03 | Encolar | Villager (Male) |
| 16:15 | Construir | House |
| 16:18 | Construir | House |
| 16:25 | Encolar | Villager (Male) |
| 16:25 | Encolar | Villager (Male) |
| 16:27 | Encolar | Villager (Male) |
| 16:30 | Construir | Farm |
| 16:31 | Construir | Farm |
| 16:36 | Construir | Farm |
| 16:42 | Construir | Barracks |
| 16:43 | Encolar | Villager (Male) |
| 16:49 | Construir | Blacksmith |
| 16:52 | Encolar | Villager (Male) |
| 16:56 | Construir | House |
| 16:58 | Construir | House |
| 17:00 | Encolar | Villager (Male) |
| 17:32 | Encolar | Villager (Male) |
| 17:42 | Construir | House |
| 17:43 | Construir | House |
| 17:45 | Encolar | Villager (Male) |
| 17:46 | Encolar | Villager (Male) |
| 17:50 | Construir | Farm |
| 17:51 | Construir | Farm |
| 17:55 | Construir | Farm |
| 18:03 | Encolar | Villager (Male) |
| 18:04 | Encolar | Villager (Male) |
| 18:37 | Encolar | Villager (Male) |
| 18:41 | Construir | Stable |
| 18:45 | Construir | Farm |
| 18:46 | Construir | Farm |
| 18:54 | Construir | Farm |
| 18:56 | Construir | Farm |
| 19:14 | Investigar | Fletching |
| 19:47 | Construir | House |
| 19:48 | Construir | House |
| 19:52 | Construir | Farm |
| 20:06 | Encolar | Villager (Male) |
| 20:07 | Encolar | Villager (Male) |
| 20:35 | Investigar | Castle Age |
| 20:39 | Construir | House |
| 20:43 | Construir | Palisade Wall |
| 20:54 | Construir | House |
| 21:01 | Construir | Stable |
| 21:15 | Investigar | Forging |
| 21:34 | Encolar | Villager (Male) |
| 21:35 | Encolar | Villager (Male) |
| 21:45 | Construir | Lumber Camp |
| 22:04 | Construir | House |
| 22:08 | Investigar | Bloodlines |
| 22:12 | Construir | Farm |
| 22:16 | Construir | Farm |
| 22:40 | Construir | House |
| 23:11 | Construir | House |
| 23:15 | Edad | Edad de los Castillos |
| 23:18 | Encolar | Steppe Lancer |
| 23:18 | Encolar | Steppe Lancer |
| 23:20 | Encolar | Steppe Lancer |
| 23:20 | Encolar | Steppe Lancer |
| 23:20 | Encolar | Steppe Lancer |
| 23:26 | Construir | Siege Workshop |
| 23:29 | Encolar | Villager (Male) |
| 24:10 | Construir | Farm |
| 24:14 | Construir | Mill |
| 24:14 | Construir | Farm |
| 24:15 | Construir | Farm |
| 24:15 | Construir | Farm |
| 24:15 | Construir | Farm |
Cronología de la partida
| 7:37 | Gerodrick · first_building Barracks |
| 8:18 | 茉莉花茶 · wall_segment Palisade Wall x1 |
| 8:19 | 茉莉花茶 · wall_segment Palisade Wall x1 |
| 8:20 | 茉莉花茶 · wall_segment Palisade Wall x1 |
| 8:24 | 茉莉花茶 · wall_segment Palisade Wall x1 |
| 9:16 | 茉莉花茶 · age_up feudal |
| 11:23 | Gerodrick · age_up feudal |
| 16:36 | Gerodrick · age_up castle |
| 16:42 | 茉莉花茶 · first_building Barracks |
| 16:55 | Gerodrick · first_building Castle |
| 17:30 | Gerodrick · first_market_buy 100 wood |
| 18:41 | 茉莉花茶 · first_building Stable |
| 20:41 | Gerodrick · first_market_sell 100 wood |
| 20:43 | 茉莉花茶 · wall_segment Palisade Wall x1 |
| 23:15 | 茉莉花茶 · age_up castle |
| 23:26 | 茉莉花茶 · first_building Siege Workshop |
| 26:40 | 茉莉花茶 · first_market_sell 100 wood |
| 27:59 | Gerodrick · first_building Siege Workshop |
| 28:18 | 茉莉花茶 · first_market_buy 100 stone |
| 28:59 | Gerodrick · resign |
[ ANÁLISIS IA · 1 CRÉDITO ]
¿Qué pasó realmente en esta partida?
Wolo.gg analiza cada decisión: build order, eco, micro, errores típicos por bracket. Análisis personalizado por WhatsApp o Discord en 30 segundos.
Guía civ
Godos
Perfil
Jugador #453107